 Dungeon Crawl Stone Soup version 0.28.0-53-g5a82cb258f (webtiles) character file.

Game seed: 11468588729605309772

254 Kranky the Skirmisher (level 6, -2/45 HPs)
             Began as an Octopode Fighter on June 20, 2022.
             Slain by an ice beast (5 damage)
             ... on level 5 of the Dungeon.
             The game lasted 00:05:40 (3881 turns).

Kranky the Skirmisher (Octopode Fighter)            Turns: 3881, Time: 00:05:41

Health: -2/45      AC:  1    Str: 15    XL:     6   Next: 15%
Magic:  6/6        EV: 13    Int: 10    God:
Gold:   252        SH:  5    Dex: 14    Spells: 5/5 levels left

rFire   . . .      SeeInvis .   a - +0 flail
rCold   . . .      Faith    .   b - +0 buckler
rNeg    + . .      Spirit   .   (helmet restricted)
rPois   .          Reflect  .   (no amulet)
rElec   .          Harm     .   f - ring of wizardry
rCorr   .          Rampage  .   k - ring of positive energy
Will    .....                   (no ring)
Stlth   ++++......              (no ring)
HPRegen 0.15/turn               (no ring)
MPRegen 0.10/turn               (no ring)
                                (no ring)
                                (no ring)

@: no status effects
A: almost no armour, amphibious, 8 rings, camouflage 1, gelatinous body 1,
(nimble swimmer 1), tentacles
a: no special abilities


You were on level 5 of the Dungeon.
You visited 1 branch of the dungeon, and saw 5 of its levels.

You collected 252 gold pieces.

Inventory:

Hand Weapons
 a - a +0 flail (weapon)
Missiles
 j - 2 throwing nets (quivered)
 n - 10 stones
Armour
 b - a +0 buckler (worn)
Jewellery
 f - a ring of wizardry (left tentacle)
 k - a ring of positive energy (right tentacle)
Scrolls
 d - a scroll of amnesia {unknown}
 e - a scroll of identify {unknown}
 h - 3 scrolls of teleportation {unknown}
 m - a scroll of holy word {unknown}
Potions
 c - a potion of might
 g - a potion of heal wounds {unknown}
 i - a potion of brilliance {unknown}
 l - 3 potions of curing {unknown}


   Skills:
 + Level 5.3 Fighting
 - Level 2.0 Maces & Flails
 + Level 3.1 Dodging
 - Level 5.0 Stealth
 + Level 3.2 Shields


You had 5 spell levels left.
You didn't know any spells.
Your spell library contained the following spells:

 Spells                   Type           Power      Damage    Failure   Level
 Sandblast                Erth           0%         2d4       21%         1
 Passwall                 Tmut/Erth      0%         N/A       28%         2
 Stone Arrow              Conj/Erth      0%         3d7       50%         3


Dungeon Overview and Level Annotations

Branches:
Dungeon (5/15)
 Temple: D:4-7

Altars:
Cheibriados
Elyvilon
Nemelex Xobeh
Qazlal
Ru
Trog
Uskayaw
Zin


Innate Abilities, Weirdness & Mutations

You cannot wear most types of armour.
You are amphibious.
You can wear up to eight rings at the same time.
Your skin changes colour to match your surroundings (Stealth+).
Your rubbery body absorbs attacks. (AC +1, EV +1)
((You are camouflaged when in or above water. (Stealth+)))
You have tentacles for arms and can constrict up to eight enemies at once.


Message History

You now have 252 gold pieces (gained 9).
Found a dagger.
Found a stone staircase leading down.
There is a stone staircase leading down here.
You see here a +0 dagger.
Found a stone staircase leading up.
Found an escape hatch in the ceiling.
No target in view!
No target in view!
An ice beast comes into view.
Found a stormy altar of Qazlal.
An ice beast is nearby!
Found a sparkling altar of Nemelex Xobeh.
There is a stone staircase leading up here.
Found four altars.
Found 15 gold pieces and a scroll labelled JIAXZUG NAUR.
Found a hide-covered altar of Uskayaw.
You closely miss the ice beast. The ice beast closely misses you.
You hit the ice beast. Your squeeze misses the ice beast.
The ice beast is lightly wounded.
The ice beast hits you. The ice beast freezes you!
You block the ice beast's attack.
You hit the ice beast.
The ice beast is moderately wounded.
You block the ice beast's attack.
You thump the ice beast!
The ice beast is severely wounded.
The ice beast hits you. The ice beast freezes you!
You closely miss the ice beast.
The ice beast is heavily wounded.
The ice beast closely misses you. You block the ice beast's attack.
You barely miss the ice beast.
The ice beast is heavily wounded.
The ice beast hits you. The ice beast freezes you!
* * * LOW HITPOINT WARNING * * *
You hit the ice beast but do no damage.
The ice beast is heavily wounded.
The ice beast hits you.
* * * LOW HITPOINT WARNING * * *
The ice beast freezes you.
You die...

### ..### #... #..#
#..# ###..#######
#.....Y<...#
############.#.!@###
.............<.....#
#######.#######..#....#
#######.# #...._...#
..>...).# $.._..._?#
######### ##.........
#### #._..8.._.
...####### #.........
##........ ##._..._.


You could see an ice beast.

Vanquished Creatures
  A black bear (D:4)
  2 iguanas
  3 adders
  3 worms
  2 dart slugs
  3 orcs
  7 ball pythons
  4 bats
  6 endoplasms
  2 giant cockroaches (D:3)
  6 goblins
  2 hobgoblins
  4 jackals (D:1)
  9 kobolds
  5 quokkas
  6 frilled lizards
  3 rats
68 creatures vanquished.

Vanquished Creatures (others)
  2 plants (D:2)
2 creatures vanquished.

Grand Total: 70 creatures vanquished

Notes
Turn   | Place    | Note
-------+----------+-------------------------------------------
     0 | D:1      | Kranky the Octopode Fighter began the quest for the Orb.
     0 | D:1      | Reached XP level 1. HP: 16/16 MP: 1/1
     6 | D:1      | Found a faded altar of an unknown god.
   169 | D:1      | Reached skill level 1 in Stealth
   362 | D:1      | Reached XP level 2. HP: 21/21 MP: 2/2
   832 | D:1      | Reached XP level 3. HP: 23/26 MP: 3/3
  1858 | D:2      | Reached XP level 4. HP: 32/33 MP: 4/4
  3048 | D:4      | Reached skill level 5 in Stealth
  3048 | D:4      | Reached XP level 5. HP: 23/38 MP: 5/5
  3257 | D:4      | Noticed a black bear
  3424 | D:4      | Killed a black bear
  3425 | D:4      | Reached skill level 5 in Fighting
  3425 | D:4      | Reached XP level 6. HP: 31/45 MP: 6/6
  3668 | D:4      | Found a white marble altar of Elyvilon.
  3803 | D:5      | Entered Level 5 of the Dungeon
  3868 | D:5      | Found a stormy altar of Qazlal.
  3868 | D:5      | Noticed an ice beast
  3871 | D:5      | Found a sparkling altar of Nemelex Xobeh.
  3872 | D:5      | Found a bloodstained altar of Trog.
  3872 | D:5      | Found a sacrificial altar of Ru.
  3872 | D:5      | Found a snail-covered altar of Cheibriados.
  3872 | D:5      | Found a glowing silver altar of Zin.
  3873 | D:5      | Found a hide-covered altar of Uskayaw.
  3881 | D:5      | Slain by an ice beast

Illustrated notes

Levels and vault maps discovered:
D:1:      wander_arrival_chamber, layout_basic, ebering_ecumenical_altar_mist,
          hangedman_decor_clover_reticule
D:2:      layout_basic, serial_bayou_lake_a
D:3:      layout_loops_ring
D:4:      layout_basic, nicolae_elyvilon_temple_path
D:5:      layout_loops_ring, grunt_temple_overflow_open,
          minmay_temple_entry_nine_rooms, uniq_edmund, uniq_ijyb, uniq_sigmund

Skill      XL: |  1  2  3  4  5 |
---------------+----------------+-----
Stealth        | 1 2 3 5 |  5.0
Fighting       | 4 5 |  5.3
Maces & Flails | |  2.0
Dodging        | |  3.1
Shields        | |  3.2

Action                   |  1- 3 |  4- 6 || total
-------------------------+-------+-------++-------
Melee: Flail             |    79 |    68 ||   147
       Constrict         |    15 |    17 ||    32
       Tentacles         |     6 |     8 ||    14
       Punch             |       |     1 ||     1
 Stab: Sleeping          |     9 |    11 ||    20
       Distracted        |     1 |       ||     1
Armor: Skin              |     5 |     3 ||     8
Dodge: Dodged            |    45 |    30 ||    75
Block: Buckler           |    21 |    11 ||    32
